 Dungeon Crawl Stone Soup version 0.30-a0-782-ge64f9170bb (webtiles) character file.

Game seed: 17676929233638478643

46 mopl the Magician (level 3, -2/21 HPs)
             Began as an Octopode Hedge Wizard on Mar 2, 2023.
             Slain by a goblin
             ... wielding a +0 club
             ... led by Robin
              (6 damage)
             ... on level 2 of the Dungeon.
             The game lasted 00:01:55 (1004 turns).

mopl the Magician (Octopode Hedge Wizard)           Turns: 1004, Time: 00:01:56

Health: -2/21      AC:  1    Str:  9    XL:     3   Next: 68%
Magic:  1/7        EV: 13    Int: 18    God:
Gold:   36         SH:  0    Dex: 11    Spells: 2/8 levels left

rFire   + . .      SeeInvis .    a - +0 dagger
rCold   . . .      Faith    .    (no shield)
rNeg    + . .      Spirit   .    b - +0 hat
rPois   .          Reflect  .    (no amulet)
rElec   .          Harm     .    k - ring of positive energy
rCorr   .          Rampage  .    n - ring of protection from fire
Will    .....                    (no ring)
Stlth   +++                      (no ring)
HPRegen 0.23/turn                (no ring)
MPRegen 0.10/turn                (no ring)
                                 (no ring)
                                 (no ring)

@: very slightly contaminated
A: almost no armour, amphibious, 8 rings, camouflage 1, gelatinous body 1,
(nimble swimmer 1), tentacles
a: no special abilities


You were on level 2 of the Dungeon.
You visited 1 branch of the dungeon, and saw 2 of its levels.

You collected 36 gold pieces.

Inventory:

Hand Weapons
 a - a +0 dagger (weapon)
Armour
 b - a +0 hat (worn)
Magical Staves
 f - a staff of death
Jewellery
 k - a ring of positive energy (left tentacle)
 n - a ring of protection from fire (right tentacle)
Scrolls
 d - 3 scrolls of identify {unknown}
 g - a scroll of teleportation {unknown}
 h - a scroll of enchant weapon {unknown}
 i - a scroll of amnesia {unknown}
 l - a scroll of fear {unknown}
Potions
 c - 2 potions of magic
 e - 2 potions of haste {unknown}
 j - a potion of brilliance {unknown}
 m - a potion of mutation {unknown}
 o - 3 potions of degeneration {unknown}


   Skills:
 - Level 2.0 Dodging
 - Level 2.6 Stealth
 + Level 3.4 Spellcasting
 + Level 2.1 Conjurations
 - Level 1.0 Summonings
 + Level 1.9 Translocations
 + Level 0.9 Poison Magic


You had 2 spell levels left.
You knew the following spells:

 Your Spells              Type           Power      Damage    Failure   Level
a - Magic Dart            Conj           40%        1d5       7%          1
c - Mephitic Cloud        Conj/Pois/Air  6%         N/A       30%         3
e - Blink                 Tloc           20%        N/A       11%         2

Your spell library contained the following spells:

 Spells                   Type           Power      Damage    Failure   Level
 Slow                     Hex            12%        N/A       16%         1
 Call Imp                 Summ           6%         N/A       16%         2
 Cigotuvi's Dreadful Rot  Necr/Pois/Air  8%         N/A       21%         2


Dungeon Overview and Level Annotations

Branches:
Dungeon (2/15)

Altars:

Annotations:
D:2 Robin


Innate Abilities, Weirdness & Mutations

You cannot wear most types of armour.
You are amphibious.
You can wear up to eight rings at the same time.
Your skin changes colour to match your surroundings (Stealth+).
Your rubbery body absorbs attacks. (AC +1, EV +1)
((You are camouflaged when in or above water. (Stealth+)))
You have tentacles for arms and can constrict up to eight enemies at once.


Message History

The magic dart hits Robin.
Robin is lightly wounded.
The magic dart hits Robin but does no damage.
Robin is lightly wounded.
A goblin comes into view. It is wielding a +0 club.
The magic dart hits Robin.
Robin is moderately wounded.
You miscast Magic Dart.
You are very lightly contaminated with residual magic.
Nothing appears to happen.
Robin misses you.
The magic dart hits Robin.
Robin is moderately wounded.
Robin closely misses you.
You miscast Magic Dart.
Nothing appears to happen.
Robin hits you but does no damage. Robin hits you with a +0 spear.
You hit Robin but do no damage. Your grab misses Robin.
Your squeeze misses Robin.
Robin is moderately wounded.
Robin throws the goblin at you! The goblin barely misses you.
You hit Robin. You grab Robin. You squeeze Robin.
Robin is heavily wounded.
You constrict Robin. Robin throws the goblin at you! The goblin misses you.
The goblin hits you with a +0 club.
You are too injured to fight recklessly!
You completely miss Robin.
Robin is severely wounded.
You constrict Robin, but do no damage. The goblin barely misses you.
The goblin hits you with a +0 club.
* * * LOW HITPOINT WARNING * * *
Robin barely misses you.
You closely miss the goblin. You grab the goblin. You constrict Robin.
You constrict the goblin. Robin closely misses you.
The goblin barely misses you. x2
You hit the goblin. You squeeze the goblin.
You kill the goblin!
You constrict Robin. Robin throws the goblin at you!
* * * LOW HITPOINT WARNING * * *
The goblin hits you with a +0 club.
You die...

##...###.#........##........
#........#.)..##..##.###....
#.....#######..(............
#.#.#....#....##...#..#####.
#........#.#.###...#..# #
....#.....#.#.# #...#..#
###..........#.###...#..#
#....#....##g.........#
#.......).g@####...#........
#...........g.......#########
#............#####.##
..........### #.# ....##...#
#.# ..). ##### #.# ## #.. ##.
.


You could see Robin and 2 goblins.

Vanquished Creatures
  A dart slug (D:1)
  A ball python (D:1)
  4 bats
  An endoplasm (D:2)
  3 giant cockroaches
  16 goblins
  4 hobgoblins
  5 kobolds
  A quokka (D:1)
  A frilled lizard (D:1)
37 creatures vanquished.

Notes
Turn   | Place    | Note
-------+----------+-------------------------------------------
     0 | D:1      | mopl the Octopode Hedge Wizard began the quest for the Orb.
     0 | D:1      | Reached XP level 1. HP: 11/11 MP: 4/4
    99 | D:1      | Reached XP level 2. HP: 13/17 MP: 6/6
   105 | D:1      | Learned a level 2 spell: Blink
   582 | D:1      | Reached XP level 3. HP: 21/21 MP: 7/7
   586 | D:1      | Learned a level 3 spell: Mephitic Cloud
   829 | D:2      | Noticed Robin
   830 | D:2      | Reached skill level 2 in Conjurations
  1004 | D:2      | Slain by a goblin

Illustrated notes

Levels and vault maps discovered:
D:1:      lightli_arrival_lavapool, layout_loops_ring, minmay_tall_x
D:2:      layout_loops_ring, uniq_robin

Skill      XL: |  1  2  3 |
---------------+----------+-----
Conjurations   | 2 |  2.1
Dodging        | |  2.0
Stealth        | |  2.6
Spellcasting   | |  3.4
Summonings     | |  1.0
Translocations | |  1.9
Poison Magic   | |  0.9

Action                     || total
---------------------------++-------
  Melee: Dagger            ||    68
         Constrict         ||    18
         Tentacles         ||    15
         Punch             ||     2
   Cast: Magic Dart        ||    19
   Stab: Sleeping          ||     7
 Armour: Skin              ||     6
  Dodge: Dodged            ||    49

Table legend: (Time is in decaauts)
 A = Elapsed time spent in this place.
 B = Non-inter-level travel time spent in this place.
 C = Inter-level travel time spent in this place.
 D = Time resting spent in this place.
 E = Time spent auto-exploring this place.
 F = Levels seen in this place.
 G = Mean time per level.
                   A        B        C        D        E       F      G
               +--------+--------+--------+--------+--------+-----+--------+
         Total |   1004 |    978 |     26 |     97 |    625 |   2 |  502.0 |
       Dungeon |   1004 |    978 |     26 |     97 |    625 |   2 |  502.0 |
               +--------+--------+--------+--------+--------+-----+--------+

Top non-repeatable levels by time:
     D:1: 796 daAuts
     D:2: 208 daAuts
